Map: Hecate LE

Players

Wayne (Vanya)

  • Race: Zerg Zerg
  • League: Master
  • Spawn Location: 1:00

MaxPax - Winner!

  • Race: Protoss Protoss
  • League: Grandmaster
  • Spawn Location: 7:00

VOD

Have the link to the VOD?

Description

Time

  • Played on: Dec. 30, 2023, 6:43 a.m.
  • Length: 10:52
Show
View Real Time Build Order
Export as new Build Order

Wayne Zerg 

Build Orders: Hatch First 

Get SALT Encoding   

  12  0:00  Drone  
  13  0:12  Overlord  
  13  0:16  Drone  
  14  0:30  Drone x2  
  16  0:37  Drone  
  17  0:51  Hatchery  
  17  0:54  Drone  
  17  0:57  Drone  
  18  1:08  Extractor  
  17  1:14  Spawning Pool  
  17  1:17  Drone  
  17  1:20  Drone  
  18  1:28  Drone  
  19  1:38  Drone  
  20  1:50  Overlord  
  20  2:01  Queen  
  20  2:03  Zergling x2, Queen  
  20  2:04  Zergling x2  
  26  2:12  Drone  
  26  2:13  Metabolic Boost  
  26  2:14  Drone  
  28  2:22  Drone  
  29  2:25  Drone  
  30  2:36  Hatchery  
  29  2:38  Drone  
  29  2:39  Drone  
  31  2:46  Queen  
  31  2:51  Overlord  
  33  2:56  Zergling x2  
  34  2:58  Drone  
  34  3:01  Drone  
  36  3:08  Queen  
  36  3:10  Drone x2  
  40  3:15  Drone x3  
  40  3:18  Drone  
  42  3:20  Drone  
  42  3:27  Overlord  
  43  3:38  Overlord  
  43  3:44  Queen  
  43  3:47  Zergling x4  
  47  3:52  Zergling x2  
  47  3:53  Drone x5  
  53  3:58  Queen  
  53  3:59  Spore Crawler  
  53  4:00  Drone  
  56  4:02  Drone  
  56  4:07  Evolution Chamber  
  54  4:12  Zergling x2  
  54  4:13  Spore Crawler  
  50  4:20  Drone  
  50  4:21  Drone x5  
  53  4:26  Drone x2  
  53  4:30  Drone x2  
  56  4:37  Zerg Melee Weapons Level 1  
  56  4:38  Drone x2  
  58  4:40  Overlord  
  58  4:41  Drone  
  58  4:43  Drone  
  58  4:44  Drone  
  61  4:49  Drone  
  61  4:51  Spore Crawler  
  61  4:55  Drone x3  
  64  5:05  Drone x2  
  64  5:06  Drone, Hatchery  
  66  5:10  Spore Crawler  
  66  5:12  Overlord  
  66  5:13  Spore Crawler  
  64  5:17  Drone  
  64  5:19  Roach Warren  
  65  5:22  Lair  
  65  5:24  Drone  
  64  5:29  Drone x3  
  64  5:30  Drone  
  68  5:37  Drone x2  
  68  5:38  Drone x3  
  68  5:39  Drone  
  68  5:42  Drone  
  75  5:43  Extractor  
  75  5:44  Extractor  
  75  5:48  Extractor  
  75  5:49  Drone x3  
  75  5:50  Zergling x4  
  75  5:53  Overlord  
  75  5:54  Zergling x4  
  79  5:58  Overlord  
  79  6:07  Overlord  
  79  6:09  Zergling x6  
  82  6:12  Overlord x2  
  82  6:16  Drone  
  82  6:17  Drone x2  
  82  6:18  Drone x2  
  86  6:19  Drone x2  
  86  6:21  Overlord  
  86  6:24  Overlord  
  88  6:26  Drone  
  88  6:27  Drone  
  88  6:29  Hydralisk Den  
  89  6:34  Zergling x10  
  89  6:39  Zerg Melee Weapons Level 2  
  92  6:44  Roach x6  
  104  6:51  Overlord  
  104  6:53  Roach x6  
  115  7:00  Grooved Spines  
  111  7:02  Zergling x12  
  111  7:06  Roach  
  111  7:08  Overlord  
  117  7:10  Overlord  
  117  7:13  Roach x5  
  117  7:15  Overlord, Ravager  
  125  7:16  Zergling x2  
  125  7:20  Roach x2  
  125  7:23  Zergling x6  
  123  7:31  Hydralisk x6  
  135  7:40  Overlord  
  135  7:42  Overlord  
  135  7:43  Hydralisk  
  135  7:44  Hydralisk  
  134  7:46  Zergling x8  
  136  7:52  Zergling x12  
  136  7:59  Zergling x8  
  136  8:04  Zergling x6  
  137  8:06  Queen  
  137  8:09  Hydralisk x3  
  136  8:13  Hydralisk  
  136  8:19  Zergling x2, Hydralisk  
  138  8:22  Hydralisk  
  138  8:23  Zergling x6  
  141  8:28  Zergling x6  
  141  8:33  Hydralisk x2  
  148  8:35  Hydralisk  
  150  8:41  Ravager x2  
  150  8:42  Ravager  
  150  8:43  Zergling x8  
  150  8:46  Hatchery  
  156  8:49  Zergling x12  
  156  8:54  Overlord, Hydralisk x3  
  161  9:05  Zergling x8  
  152  9:10  Hydralisk x4  
  152  9:15  Zergling x6  
  156  9:21  Roach x4  
  163  9:25  Drone x4  
  163  9:29  Extractor x2  
  163  9:30  Extractor x2  
  161  9:32  Drone x3, Queen x2  
  161  9:34  Infestation Pit  
  161  9:36  Overlord  
  161  9:37  Drone x4  
  161  9:38  Drone  
  172  9:45  Drone  
  172  9:46  Drone x4  
  172  9:48  Spore Crawler  
  172  9:49  Lurker Den  
  175  9:54  Zergling x12  
  175  9:58  Overlord  
  181  10:00  Zergling x6  
  181  10:05  Overlord  
  184  10:07  Zergling x2  
  184  10:08  Zergling x8  
  178  10:17  Zergling x14  
  168  10:28  Roach x8  
  158  10:31  Roach x2  
Show
View Real Time Build Order
Export as new Build Order

MaxPax Protoss - Winner!

Build Orders: 1 Gate Expand, Oracle Opening 

Get SALT Encoding   

  12  0:00  Probe  
  13  0:12  Probe  
  14  0:19  Pylon  
  14  0:24  Probe (Chrono Boost)  
  15  0:37  Probe (Chrono Boost)  
  15  0:38  Gateway  
  16  0:45  Probe (Chrono Boost)  
  16  0:49  Assimilator  
  17  0:51  Probe  
  18  1:03  Probe  
  19  1:16  Probe  
  20  1:24  Nexus  
  20  1:34  Cybernetics Core  
  20  1:37  Probe  
  21  1:44  Assimilator  
  21  1:49  Probe  
  21  1:52  Pylon  
  22  2:01  Probe  
  22  2:08  Adept (Chrono Boost)  
  23  2:13  Probe  
  26  2:21  Stargate  
  26  2:25  Probe  
  26  2:27  Adept (Chrono Boost)  
  27  2:36  Probe (Chrono Boost)  
  30  2:39  Warp Gate  
  30  2:43  Probe (Chrono Boost)  
  31  2:47  Probe (Chrono Boost)  
  31  2:50  Adept  
  31  2:51  Probe x2 (Chrono Boost)  
  36  3:02  Pylon, Probe  
  37  3:06  Probe  
  37  3:07  Oracle (Chrono Boost)  
  41  3:14  Probe  
  41  3:18  Probe  
  43  3:22  Gateway  
  43  3:26  Probe  
  44  3:30  Probe  
  44  3:33  Oracle (Chrono Boost)  
  45  3:38  Probe  
  49  3:45  Nexus  
  49  3:49  Pylon  
  49  3:50  Probe  
  49  3:51  Probe  
  51  3:59  Assimilator  
  51  4:00  Assimilator  
  51  4:03  Probe  
  51  4:04  Probe  
  51  4:07  Oracle  
  56  4:15  Probe  
  56  4:16  Probe  
  54  4:27  Probe  
  54  4:28  Probe  
  56  4:35  Adept x2, Twilight Council  
  56  4:36  Forge  
  56  4:37  Pylon  
  60  4:39  Probe  
  60  4:44  Probe  
  62  4:52  Gateway  
  62  4:54  Gateway  
  62  4:56  Probe (Chrono Boost)  
  62  4:57  Gateway  
  62  4:58  Probe (Chrono Boost)  
  62  4:59  Gateway, Probe (Chrono Boost)  
  67  5:07  Probe (Chrono Boost)  
  67  5:08  Probe x2 (Chrono Boost)  
  67  5:10  Protoss Ground Weapons Level 1  
  67  5:12  Probe (Chrono Boost)  
  67  5:13  Probe x2 (Chrono Boost)  
  69  5:16  Blink (Chrono Boost)  
  71  5:22  Probe  
  71  5:24  Probe  
  74  5:28  Stalker  
  74  5:31  Robotics Facility  
  74  5:34  Probe, Pylon  
  74  5:35  Stalker  
  79  5:36  Probe  
  79  5:37  Shield Battery  
  79  5:38  Probe  
  80  5:45  Pylon  
  80  5:46  Probe  
  80  5:49  Stalker x2  
  85  5:52  Probe x2  
  87  6:00  Stalker x3  
  93  6:04  Pylon  
  93  6:05  Pylon  
  93  6:15  Stalker  
  95  6:24  Observer, Robotics Bay  
  96  6:28  Nexus  
  96  6:29  Pylon  
  96  6:36  Stalker x5  
  106  6:40  Probe  
  106  6:43  Probe x2  
  106  6:44  Assimilator  
  106  6:46  Assimilator  
  109  6:49  Forge  
  109  6:50  Stalker  
  111  6:54  Probe  
  111  7:00  Probe  
  112  7:04  Probe  
  112  7:05  Shield Battery  
  112  7:08  Warp Prism (Chrono Boost)  
  113  7:13  Probe  
  113  7:14  Charge  
  116  7:18  Protoss Ground Weapons Level 2 (Chrono Boost)  
  116  7:23  Probe x2  
  116  7:25  Stalker x3, Photon Cannon  
  124  7:31  Protoss Ground Armor Level 1 (Chrono Boost)  
  124  7:37  Pylon, Colossus (Chrono Boost)  
  124  7:40  Probe  
  124  7:42  Probe  
  128  7:52  Stalker x6  
  138  7:59  Probe x4  
  142  8:11  Probe x2  
  140  8:23  Probe x2  
  140  8:25  Assimilator  
  140  8:26  Assimilator  
  143  8:27  Extended Thermal Lance  
  143  8:28  Pylon x2  
  143  8:31  Pylon  
  143  8:33  Pylon, Colossus (Chrono Boost)  
  148  8:37  Shield Battery  
  148  8:39  Pylon  
  148  8:40  Pylon, Photon Cannon  
  148  8:55  Gateway, Stalker x5  
  156  8:57  Gateway  
  156  8:58  Gateway  
  156  8:59  Gateway  
  156  9:02  Gateway  
  133  9:17  Stalker  
  133  9:18  Stalker  
  133  9:19  Stalker x4  
  133  9:20  Colossus (Chrono Boost)  
  149  9:26  Probe  
  149  9:28  Pylon  
  149  9:30  Shield Battery  
  150  9:31  Photon Cannon  
  150  9:34  Probe x2  
  152  9:41  Probe  
  152  9:42  Pylon  
  154  9:46  Zealot, Templar Archives  
  154  9:47  Zealot x5  
  154  9:50  Zealot  
  167  9:57  Photon Cannon  
  167  10:00  Nexus  
  167  10:12  Zealot x5  
  167  10:13  Zealot x2  
  163  10:33  Probe  
  160  10:40  Zealot x8  
  160  10:41  Zealot x2  
Tags
 
Add a new tag
Caveats
  • Supply blocks, unpowered buildings, or Contaminate may cause inaccurate times.
  • Supply counts are checked every 10 seconds.